AoeStats
← burned doc

Arena

510095104Analyzed
4v4 RM · 3d ago on Sep 29, 2026· 64m 40s· 8 players
Game mode
Random Map
Map size
Large (8 player)
Population
200
Speed
Normal
Resources
Standard
Victory
Conquest
Starting age
Dark Age
Ending age
Imperial Age
RankedLock teamsTeams togetherTeam positionsShared explorationLock speedFull tech treeHidden civsTurbo modeCheats
Victory
Defeat
🇻🇳 Danes · Vietnam
918
+17
🇪🇸 Khmer · Spain
905
+17
🇬🇧 Bengalis · United Kingdom
898
+17
🇻🇳 Wei · Vietnam
895
+17
🇨🇳 Italians · China
953
-18
🇮🇳 Turks · India
932
-17
🇩🇪 Malians · Germany
919
-17
🇨🇿 Goths · Czechia
911
-16
burned doc
12:15 Feudal Age
17:58 Castle Age
16:52 Double-Bit Axe
22:18 Imperial Age
33:29 Bloodlines
35:45 Wheelbarrow
35:20 Horse Collar
35:55 Gold Mining
48:28 Hand Cart
48:17 Heavy Plow
VeryOldNoob
11:18 Feudal Age
11:21 Loom
16:42 Castle Age
21:26 Sanctity
23:17 Bloodlines
23:19 Scale Barding Armor
26:25 Double-Bit Axe
27:04 Horse Collar
30:36 Wheelbarrow
35:04 Imperial Age
33:09 Chain Barding Armor
33:01 Forging
32:42 Fletching
33:45 Husbandry
35:08 Heavy Camel Rider
35:46 Bodkin Arrow
36:28 Iron Casting
36:29 Plate Barding Armor
36:00 Farimba
36:21 Conscription
39:18 Block Printing
44:47 Redemption
44:48 Gold Mining
46:29 Chemistry
45:25 Murder Holes
46:32 Hand Cart
52:18 Onager
52:31 Light Cavalry
58:31 Siege Onager
madness
12:02 Feudal Age
12:55 Double-Bit Axe
13:48 Wheelbarrow
15:54 Castle Age
14:14 Horse Collar
15:38 Wheelbarrow
16:47 Bow Saw
20:25 Forging
20:15 Scale Mail Armor
20:18 Heavy Plow
22:20 Hand Cart
29:53 Iron Casting
29:33 Chain Mail Armor
32:31 Imperial Age
30:32 Anarchy
31:04 Town Watch
31:05 Loom
31:26 Squires
33:21 Perfusion
33:37 Pikeman
35:57 Blast Furnace
34:59 Town Patrol
35:31 Crop Rotation
35:03 Gold Mining
36:18 Two-Man Saw
35:18 Halberdier
37:09 Elite Huskarl
37:55 Man-at-Arms
38:20 Long Swordsman
39:09 Two-Handed Swordsman
40:35 Champion
50:48 Stone Mining
56:02 Scale Barding Armor
55:46 Light Cavalry
56:28 Husbandry
56:38 Bloodlines
57:12 Hussar
495556203
0:29 Loom
11:12 Feudal Age
12:42 Wheelbarrow
11:49 Horse Collar
11:58 Double-Bit Axe
12:06 Gold Mining
12:31 Stone Mining
13:38 Town Watch
18:25 Castle Age
19:28 Hand Cart
19:27 Bow Saw
19:21 Heavy Plow
19:31 Fletching
23:03 Stone Shaft Mining
30:58 Imperial Age
28:54 Bodkin Arrow
29:00 Padded Archer Armor
29:32 Town Patrol
30:40 Leather Archer Armor
30:36 Forging
30:29 Scale Mail Armor
30:35 Scale Barding Armor
30:53 Ballistics
33:17 Ring Archer Armor
32:48 Bracer
33:12 Chain Barding Armor
33:07 Chain Mail Armor
33:28 Iron Casting
33:33 Elite Genoese Crossbowman
34:04 Light Cavalry
34:57 Bloodlines
34:50 Husbandry
35:42 Plate Barding Armor
35:37 Plate Mail Armor
35:46 Squires
36:03 Hussar
37:55 Crop Rotation
41:19 Chemistry
40:15 Murder Holes
49:57 Blast Furnace
49:28 Plate Mail Armor
60:07 Man-at-Arms
61:59 Fortified Wall
62:41 Long Swordsman
63:43 Two-Handed Swordsman
kuro3bb
10:29 Feudal Age
11:03 Double-Bit Axe
12:41 Wheelbarrow
16:50 Castle Age
15:45 Stone Mining
17:48 Bow Saw
23:50 Forging
23:43 Husbandry
26:27 Scale Barding Armor
26:57 Horse Collar
28:27 Heavy Plow
29:06 Iron Casting
28:44 Bloodlines
29:28 Hand Cart
32:39 Imperial Age
30:55 Gold Mining
34:24 Two-Man Saw
33:56 Crop Rotation
33:20 Elite Battle Elephant
35:30 Man-at-Arms
36:11 Squires
37:14 Blast Furnace
36:34 Chain Barding Armor
36:33 Long Swordsman
37:17 Scale Mail Armor
37:31 Two-Handed Swordsman
38:27 Champion
39:26 Pikeman
40:42 Chain Mail Armor
40:19 Halberdier
46:11 Plate Barding Armor
47:36 Conscription
Katun
10:46 Feudal Age
11:55 Loom
13:31 Double-Bit Axe
16:46 Castle Age
14:59 Horse Collar
15:18 Gold Mining
17:52 Heavy Plow
18:04 Bow Saw
29:47 Imperial Age
27:46 Scale Barding Armor
27:44 Scale Mail Armor
27:47 Squires
27:34 Arson
28:36 Forging
28:41 Chain Mail Armor
31:18 Conscription
30:31 Elite Varangian Guard
33:02 Plate Mail Armor
34:27 Gold Shaft Mining
33:43 Stone Mining
34:59 Wheelbarrow
34:15 Town Watch
34:50 Caravan
36:48 Stone Shaft Mining
37:01 Conscription
37:42 Elite Jomsviking
39:15 Iron Casting
42:27 Blast Furnace
41:26 Hamask
50:10 Northmen's Fury
53:12 Siege Engineers
53:29 Ballistics
55:58 Hand Cart
Peaky Blinders
2:37 Loom
10:37 Feudal Age
15:47 Castle Age
13:44 Double-Bit Axe
14:47 Horse Collar
27:17 Husbandry
31:13 Imperial Age
28:53 Heavy Plow
29:50 Wheelbarrow
29:01 Town Watch
29:09 Fletching
31:26 Bloodlines
32:32 Bodkin Arrow
32:42 Scale Barding Armor
33:12 Parthian Tactics
32:52 Thumb Ring
32:53 Gold Mining
33:37 Hand Cart
34:00 Conscription
34:25 Ming Guang Armor
34:16 Tuntian
34:15 Stone Mining
34:48 Town Patrol
35:17 Padded Archer Armor
36:09 Gold Shaft Mining
36:19 Bow Saw
36:28 Bracer
36:44 Leather Archer Armor
36:50 Chain Barding Armor
37:59 Stone Shaft Mining
38:15 Ballistics
38:54 Ring Archer Armor
41:12 Forging
42:02 Light Cavalry
43:45 Iron Casting
46:59 Blast Furnace
47:09 Elite Tiger Cavalry
49:28 Scale Mail Armor
49:50 Hussar
54:44 Caravan
64:35 Chain Mail Armor
frankonil
2:28 Loom
11:25 Feudal Age
11:52 Double-Bit Axe
17:44 Castle Age
17:19 Horse Collar
17:33 Stone Mining
17:41 Gold Mining
23:42 Bow Saw
26:46 Wheelbarrow
30:03 Imperial Age
27:42 Town Watch
29:22 Bloodlines
28:33 Light Cavalry
30:29 Gold Shaft Mining
31:17 Ballistics
31:56 Double Crossbow
32:23 Fletching
34:04 Chemistry
33:57 Murder Holes
34:07 Bodkin Arrow
34:51 Bracer
36:00 Town Patrol
36:16 Hand Cart
37:28 Fortified Wall
37:44 Scale Barding Armor
39:32 Heavy Scorpion
44:31 Heavy Plow
50:50 Caravan
53:53 Siege Engineers
56:05 Hussar
Connection lost

Rejoining the realm…

Still unreachable

The connection could not be restored.

Session expired

The server has moved on; the page needs a fresh start.